AA
CAMDEN SAND TIGERS @ AUBURN VENOM
05/04/2060
 
TOP OF THE 1ST
Camden Sand Tigers batting - Pitching for Auburn Venom : RHP Cam Moody
Pitching: RHP Cam Moody
Batting: SHB Jared Manning 0-0: Ball
1-0: Called Strike
1-1: Ball
2-1: Called Strike
2-2: Strikes out looking
Batting: LHB Nathan Bell 0-0: Ball
1-0: Ball
2-0: Foul Ball, location: 2F
2-1: Swinging Strike
2-2: Ball
3-2: SINGLE (Groundball, 56D, EV 108.8 MPH)
Batting: SHB Evan Doyon 0-0: Called Strike
0-1: Ball
1-1: Ball
2-1: Ball
3-1: Called Strike
3-2: Strikes out swinging
Batting: RHB Justyn Wylie 0-0: Ball
1-0: Ball
2-0: Called Strike
2-1: Ball
3-1: Foul Ball, location: 2F
3-2: 2-RUN HOME RUN (Flyball, 78XD, EV 116.9 MPH), Distance : 454 ft
Batting: LHB Cody Griggs 0-0: Ball
1-0: Fly out, F7 (Flyball, 7, EV 96.2 MPH)
Top of the 1st over - 2 runs, 2 hits, 0 errors, 0 left on base; Camden 2 - Auburn 0
BOTTOM OF THE 1ST
Auburn Venom batting - Pitching for Camden Sand Tigers : RHP Hazen Reyes
Pitching: RHP Hazen Reyes
Batting: LHB James Fessler 0-0: SINGLE (Groundball, 34D, EV 105.0 MPH)
Batting: RHB Ebenezer N'Gotho 0-0: Foul Ball, location: 2F
0-1: Swinging Strike
0-2: Strikes out swinging
Batting: RHB Jaime Herring 0-0: Foul Ball, location: 2F
0-1: Ball
1-1: Ball
2-1: Swinging Strike
2-2: Ball
3-2: Base on Balls
James Fessler to second
Batting: RHB Martin Robbins 0-0: Ball
1-0: Grounds into double play, 6-4-3 (Groundball, 6, EV 89.4 MPH)
Bottom of the 1st over - 0 runs, 1 hit, 0 errors, 1 left on base; Camden 2 - Auburn 0
TOP OF THE 2ND
Camden Sand Tigers batting - Pitching for Auburn Venom : RHP Cam Moody
Batting: RHB Gregory Hofheins 0-0: Ball
1-0: Fly out, F4 (Line Drive, 4, EV 70.6 MPH)
Batting: RHB Alfred Nader 0-0: Ball
1-0: Ball
2-0: Foul Ball, location: 2F
2-1: Ball
3-1: Swinging Strike
3-2: Foul Ball, location: 2F
3-2: Strikes out looking
Batting: RHB Devin Brazelton 0-0: Called Strike
0-1: Foul Ball, location: 2F
0-2: Ball
1-2: Foul Ball, location: 2F
1-2: Ball
2-2: Strikes out swinging
Top of the 2nd over - 0 runs, 0 hits, 0 errors, 0 left on base; Camden 2 - Auburn 0
BOTTOM OF THE 2ND
Auburn Venom batting - Pitching for Camden Sand Tigers : RHP Hazen Reyes
Batting: RHB J.C. Creamer 0-0: Ball
1-0: Ball
2-0: Fly out, F7 (Line Drive, 7, EV 90.6 MPH)
Batting: SHB Seth Estee 0-0: Ball
1-0: Swinging Strike
1-1: Ball
2-1: Called Strike
2-2: Ball
3-2: Foul Ball, location: 2F
3-2: Strikes out swinging
Batting: LHB Da-Jon Akii-Bua 0-0: Ball
1-0: Ball
2-0: Called Strike
2-1: Ball
3-1: Foul Ball, location: 2F
3-2: Foul Ball, location: 2F
3-2: SOLO HOME RUN (Flyball, 89XD, EV 115.0 MPH), Distance : 420 ft
Batting: RHB Zachary Nelson 0-0: Called Strike
0-1: Ball
1-1: SINGLE (Groundball, 6MD, EV 98.8 MPH)
Batting: LHB Isaac Pierce 0-0: Foul Ball, location: 2F
0-1: Ball
1-1: Ball
2-1: Called Strike
2-2: SINGLE (Line Drive, 8RS, EV 98.8 MPH)
Zachary Nelson to second
Batting: LHB James Fessler 0-0: Ball
1-0: Foul Ball, location: 2F
1-1: Foul Ball, location: 2F
1-2: Strikes out swinging
Bottom of the 2nd over - 1 run, 3 hits, 0 errors, 2 left on base; Camden 2 - Auburn 1
TOP OF THE 3RD
Camden Sand Tigers batting - Pitching for Auburn Venom : RHP Cam Moody
Batting: RHB Sylvester Krantz 0-0: Ground out 5-3 (Groundball, 56, EV 83.8 MPH)
Batting: SHB Jared Manning 0-0: Ball
1-0: Ball
2-0: Called Strike
2-1: Swinging Strike
2-2: Strikes out looking
Batting: LHB Nathan Bell 0-0: Fly out, F8 (Flyball, 8RS, EV 85.6 MPH)
Top of the 3rd over - 0 runs, 0 hits, 0 errors, 0 left on base; Camden 2 - Auburn 1
BOTTOM OF THE 3RD
Auburn Venom batting - Pitching for Camden Sand Tigers : RHP Hazen Reyes
Batting: RHB Ebenezer N'Gotho 0-0: DOUBLE (Flyball, 89D, EV 90.6 MPH)
Batting: RHB Jaime Herring 0-0: Foul Ball, location: 2F
0-1: Foul Ball, location: 2F
0-2: Foul Ball, location: 2F
0-2: SINGLE (Line Drive, 5D, EV 100.0 MPH)
Ebenezer N'Gotho to third
Runner from 3rd tries for Home, SAFE, throw by LF to home
Batting: RHB Martin Robbins 0-0: Ball
1-0: Ball
2-0: Fly out, F8 (Flyball, 8RM, EV 93.8 MPH)
Batting: RHB J.C. Creamer 0-0: Ball
1-0: Called Strike
1-1: Called Strike
1-2: Strikes out looking
Batting: SHB Seth Estee 0-0: Ground out 4-3 (Groundball, 4, EV 103.1 MPH)
Bottom of the 3rd over - 1 run, 2 hits, 0 errors, 1 left on base; Camden 2 - Auburn 2
TOP OF THE 4TH
Camden Sand Tigers batting - Pitching for Auburn Venom : RHP Cam Moody
Batting: SHB Evan Doyon 0-0: Ball
1-0: Ground out U3 (Groundball, 34, EV 88.8 MPH)
Batting: RHB Justyn Wylie 0-0: Foul Ball, location: 2F
0-1: Foul Ball, location: 2F
0-2: Strikes out swinging
Batting: LHB Cody Griggs 0-0: Swinging Strike
0-1: DOUBLE (Line Drive, 78XD, EV 104.4 MPH)
Batting: RHB Gregory Hofheins 0-0: Called Strike
0-1: Called Strike
0-2: Strikes out swinging
Top of the 4th over - 0 runs, 1 hit, 0 errors, 1 left on base; Camden 2 - Auburn 2
BOTTOM OF THE 4TH
Auburn Venom batting - Pitching for Camden Sand Tigers : RHP Hazen Reyes
Batting: LHB Da-Jon Akii-Bua 0-0: Ball
1-0: Called Strike
1-1: Called Strike
1-2: Ball
2-2: Ball
3-2: Ground out 3-1 (Groundball, 34, EV 105.0 MPH)
Batting: RHB Zachary Nelson 0-0: Ball
1-0: Foul Ball, location: 2F
1-1: Ball
2-1: Swinging Strike
2-2: Strikes out swinging
Batting: LHB Isaac Pierce 0-0: Called Strike
0-1: SOLO HOME RUN (Flyball, 9D, EV 97.5 MPH), Distance : 376 ft
Batting: LHB James Fessler 0-0: Foul Ball, location: 2F
0-1: Ground out 4-3 (Groundball, 4, EV 86.2 MPH)
Bottom of the 4th over - 1 run, 1 hit, 0 errors, 0 left on base; Camden 2 - Auburn 3
TOP OF THE 5TH
Camden Sand Tigers batting - Pitching for Auburn Venom : RHP Cam Moody
Batting: RHB Alfred Nader 0-0: Called Strike
0-1: Swinging Strike
0-2: Fly out, F7 (Flyball, 7LSF, EV 86.2 MPH)
Batting: RHB Devin Brazelton 0-0: Ball
1-0: Foul Ball, location: 2F
1-1: Reached on error, E5 (Popup, 56S, EV 80.6 MPH)
Batting: RHB Sylvester Krantz 0-0: Ball
1-0: Ball
2-0: Foul Ball, location: 2F
2-1: Ground out U3 (Groundball, 3L, EV 85.6 MPH)
Devin Brazelton to second
Batting: SHB Jared Manning 0-0: Swinging Strike
0-1: Swinging Strike
0-2: Ball
1-2: Strikes out swinging
Top of the 5th over - 0 runs, 0 hits, 1 error, 1 left on base; Camden 2 - Auburn 3
BOTTOM OF THE 5TH
Auburn Venom batting - Pitching for Camden Sand Tigers : RHP Hazen Reyes
Batting: RHB Ebenezer N'Gotho 0-0: Called Strike
0-1: Foul Ball, location: 2F
0-2: Ball
1-2: Ball
2-2: Ball
3-2: Ground out 5-3 (Groundball, 56, EV 86.2 MPH)
Batting: RHB Jaime Herring 0-0: Foul Ball, location: 2F
0-1: Swinging Strike
0-2: Ball
1-2: Ball
2-2: DOUBLE (Flyball, 8RXD, EV 89.4 MPH)
Batting: RHB Martin Robbins 0-0: Called Strike
0-1: Foul Ball, location: 2F
0-2: Hit by Pitch
Batting: RHB J.C. Creamer 0-0: Ball
1-0: Swinging Strike
1-1: Ball
2-1: Foul Ball, location: 2F
2-2: Foul Ball, location: 2F
2-2: Strikes out swinging
Batting: SHB Seth Estee 0-0: SINGLE (Groundball, 6D, EV 96.2 MPH)
Jaime Herring to third
Martin Robbins to second
Runner from 3rd tries for Home, SAFE, throw by LF to home
Batting: LHB Da-Jon Akii-Bua 0-0: Ball
Balk!
Martin Robbins to third
Seth Estee to second
1-0: Foul Ball, location: 2F
1-1: Ball
2-1: Called Strike
2-2: Ball
3-2: Foul Ball, location: 2F
3-2: Base on Balls
Batting: RHB Zachary Nelson 0-0: Foul Ball, location: 2F
0-1: Foul Ball, location: 2F
0-2: Ground out 4-3 (Groundball, 34, EV 99.4 MPH)
Bottom of the 5th over - 1 run, 2 hits, 0 errors, 3 left on base; Camden 2 - Auburn 4
TOP OF THE 6TH
Camden Sand Tigers batting - Pitching for Auburn Venom : RHP Cam Moody
Batting: LHB Nathan Bell 0-0: Ground out 4-3 (Groundball, 4, EV 88.1 MPH)
Batting: SHB Evan Doyon 0-0: Ball
1-0: Ball
2-0: Ground out 6-3 (Groundball, 4MS, EV 95.0 MPH)
Batting: RHB Justyn Wylie 0-0: Called Strike
0-1: Ground out 6-3 (Groundball, 6S, EV 89.4 MPH)
Top of the 6th over - 0 runs, 0 hits, 0 errors, 0 left on base; Camden 2 - Auburn 4
BOTTOM OF THE 6TH
Auburn Venom batting - Pitching for Camden Sand Tigers : RHP Hazen Reyes
Pitching: RHP Gavin Rosnick
Batting: LHB Isaac Pierce 0-0: Called Strike
0-1: Fly out, F7 (Line Drive, 7, EV 108.1 MPH)
Batting: LHB James Fessler 0-0: Ball
1-0: Called Strike
1-1: Ball
2-1: Foul Ball, location: 2F
2-2: Strikes out looking
Batting: RHB Ebenezer N'Gotho 0-0: Called Strike
0-1: Foul Ball, location: 2F
0-2: Ball
1-2: Strikes out looking
Bottom of the 6th over - 0 runs, 0 hits, 0 errors, 0 left on base; Camden 2 - Auburn 4
TOP OF THE 7TH
Camden Sand Tigers batting - Pitching for Auburn Venom : RHP Cam Moody
Batting: LHB Cody Griggs 0-0: Ball
1-0: Ball
2-0: Called Strike
2-1: Ground out 1-3 (Groundball, P, EV 67.5 MPH)
Batting: RHB Gregory Hofheins 0-0: Foul Ball, location: 2F
0-1: Foul Ball, location: 2F
0-2: Strikes out swinging, 2-3 out at first.
Batting: RHB Alfred Nader 0-0: Called Strike
0-1: Ball
1-1: Fly out, F8 (Line Drive, 8RM, EV 100.6 MPH)
Top of the 7th over - 0 runs, 0 hits, 0 errors, 0 left on base; Camden 2 - Auburn 4
BOTTOM OF THE 7TH
Auburn Venom batting - Pitching for Camden Sand Tigers : RHP Gavin Rosnick
Batting: RHB Jaime Herring 0-0: Foul Ball, location: 2F
0-1: Hit by Pitch
Batting: RHB Martin Robbins 0-0: Called Strike
0-1: Swinging Strike
0-2: Foul Ball, location: 2F
0-2: Ball
1-2: Ball
2-2: Ball
3-2: SINGLE (Groundball, 6MD, EV 98.1 MPH)
Jaime Herring to second
Batting: RHB J.C. Creamer 0-0: Foul Ball, location: 2F
0-1: Called Strike
0-2: Ball
1-2: Foul Ball, location: 2F
1-2: Ball
2-2: Ball
3-2: Base on Balls
Jaime Herring to third
Martin Robbins to second
Batting: SHB Seth Estee 0-0: Ball
1-0: Swinging Strike
1-1: Swinging Strike
1-2: Foul Ball, location: 2F
1-2: Ball
2-2: Strikes out looking
Batting: LHB Da-Jon Akii-Bua 0-0: Foul Ball, location: 2F
0-1: Ball
1-1: Ball
2-1: Called Strike
2-2: Fly out, F8 (Flyball, 8RD, EV 79.4 MPH)
Runner from 3rd tags up, OUT at HOME! 8-2
Bottom of the 7th over - 0 runs, 1 hit, 0 errors, 2 left on base; Camden 2 - Auburn 4
TOP OF THE 8TH
Camden Sand Tigers batting - Pitching for Auburn Venom : RHP Cam Moody
Now in CF: James Furse
Batting: RHB Devin Brazelton 0-0: Ground out 4-3 (Groundball, 4, EV 77.5 MPH)
Batting: RHB Sylvester Krantz 0-0: Called Strike
0-1: Called Strike
0-2: Foul Ball, location: 2F
0-2: Strikes out swinging
Pitching: LHP Evan Hale
Batting: SHB Jared Manning 0-0: Ball
1-0: Ball
2-0: Ground out 6-3 (Groundball, 6, EV 86.9 MPH)
Top of the 8th over - 0 runs, 0 hits, 0 errors, 0 left on base; Camden 2 - Auburn 4
BOTTOM OF THE 8TH
Auburn Venom batting - Pitching for Camden Sand Tigers : RHP Gavin Rosnick
Batting: RHB Zachary Nelson 0-0: Fly out, F9 (Flyball, 89D, EV 92.5 MPH)
Batting: LHB Isaac Pierce 0-0: Ball
1-0: Foul Ball, location: 2F
1-1: Ball
2-1: Ground out 4-3 (Groundball, 4, EV 99.4 MPH)
Batting: LHB James Fessler 0-0: Called Strike
0-1: Foul Ball, location: 2F
0-2: Ball
1-2: Ground out 6-3 (Groundball, 6D, EV 101.9 MPH)
Bottom of the 8th over - 0 runs, 0 hits, 0 errors, 0 left on base; Camden 2 - Auburn 4
TOP OF THE 9TH
Camden Sand Tigers batting - Pitching for Auburn Venom : LHP Evan Hale
Pitching: RHP Aidan Spradlin
Batting: LHB Nathan Bell 0-0: Ball
1-0: Swinging Strike
1-1: Foul Ball, location: 2F
1-2: Foul Ball, location: 2F
1-2: Ball
2-2: Ball
3-2: Foul Ball, location: 2F
3-2: Foul Ball, location: 2F
3-2: Foul Ball, location: 2F
3-2: Ground out 4-3 (Groundball, 4, EV 93.8 MPH)
Batting: SHB Evan Doyon 0-0: Called Strike
0-1: Ball
1-1: Called Strike
1-2: Ball
2-2: Foul Ball, location: 2F
2-2: Strikes out looking
Batting: RHB Justyn Wylie 0-0: Called Strike
0-1: Swinging Strike
0-2: Strikes out swinging
Top of the 9th over - 0 runs, 0 hits, 0 errors, 0 left on base; Camden 2 - Auburn 4
Monday, April 29th , 2024 - OOTP Baseball 23.10 Build 110